Kings vs Predators

Created - July 14, 2022 at 19:17

Goals
1 2 3 T
Kings 2 1 0 3
Predators 2 2 0 4
Shots
1 2 3 T
Kings 12 10 13 35
Predators 8 9 10 27

1st period

1. Predators , Mikael Granlund 1 (Alexander Edler 4) at 0:11
2. Predators , Andy Miele 1 (Mikael Granlund 3, Denis Grebeshkov 3) at 9:06
3. Kings , Kyle Clifford 3 (Teuvo Teravainen 2) at 10:56
4. Kings , Derek Boogaard 1 (Drew Stafford 2, Sean Monahan 4) at 14:49

Penalties :
No Penalty

2nd period

5. Kings , Sean Monahan 3 (Derek Boogaard 2, Seth Jones 4) at 1:55
6. Predators , Jack Eichel 3 (Ryan Mcdonagh 4, Alexander Edler 5) at 7:04
7. Predators , Jaden Schwartz 4 (Andy Miele 2) at 10:03

Penalties :
Andy Miele (Nas) for Hooking (Minor) at 1:58, David Pastrnak (L.A) for Hooking (Minor) at 10:06, Ryan O'Reilly (L.A) for Tripping (Minor) at 16:44

3rd period

No Goal

Penalties :
Cody Franson (L.A) for Slashing (Minor) at 5:12, Andy Miele (Nas) for Hooking (Minor) at 9:10, Pavel Datsyuk (L.A) for Holding Stick (Minor) at 11:36, Sean Monahan (L.A) for Interference (Minor) at 17:52

Goalie Stats

Cam Talbot (L.A), 23 saves from 27 shots - (0.852), L, 0-2-0, 60:00 minutes
Kari Lehtonen (Nas), 32 saves from 35 shots - (0.914), W, 2-2-1, 60:00 minutes

Players Stats for Kings

Player Name              G  A  P  +/- PIM S  H  SB GA TA FO     MP     PP MP  PK MP  
------------------------------------------------------------------------------------
Aaron Ekblad             0  0  0   1  0   0  0  1  1  0  0/0    16:55   0:00   0:00 
Brady Skjei              0  0  0  -2  0   1  0  2  2  0  0/0    20:33   1:50   3:54 
Cody Franson             0  0  0   0  2   0  1  1  0  0  0/0    14:53   0:00   4:37 
Damon Severson           0  0  0   0  0   0  2  0  0  0  0/0    15:20   0:00   1:22 
David Pastrnak           0  0  0   0  2   6  1  0  1  0  0/0    14:37   1:55   0:00 
Derek Boogaard           1  1  2   2  0   3  2  0  0  0  3/4    15:11   0:00   1:37 
Drew Stafford            0  1  1   2  0   2  3  1  0  0  0/0    15:50   0:00   2:35 
Jake Guentzel            0  0  0   0  0   0  0  0  1  0  0/1    14:42   1:55   0:16 
Jared Cowen              0  0  0  -2  0   0  3  1  0  1  0/0    25:59   2:08   6:01 
Kyle Clifford            1  0  1  -3  0   6  0  1  0  1  0/1    19:57   2:03   5:17 
Max Friberg              0  0  0   0  0   1  1  0  0  0  0/0     9:55   0:00   2:35 
Mikko Rantanen           0  0  0   0  0   3  0  1  0  0  0/0     7:10   0:00   0:00 
Nathan MacKinnon         0  0  0  -3  0   2  0  0  0  0  10/16  15:41   1:55   1:09 
Pavel Datsyuk            0  0  0   0  2   2  1  0  1  1  1/3     7:53   0:00   0:22 
Ryan O'Reilly            0  0  0   0  2   3  2  0  0  1  12/21  19:31   2:08   4:08 
Sean Monahan             1  1  2   2  2   2  1  2  1  0  3/9    17:22   2:03   1:51 
Seth Jones               0  1  1   1  0   2  1  4  0  0  0/0    23:51   1:50   3:56 
Teuvo Teravainen         0  1  1  -3  0   2  2  0  0  0  0/0    14:40   2:03   0:00 

Players Stats for Predators

Player Name              G  A  P  +/- PIM S  H  SB GA TA FO     MP     PP MP  PK MP  
------------------------------------------------------------------------------------
Alexander Edler          0  2  2   1  0   2  1  2  0  0  0/0    27:07   5:42   2:30 
Alexander Ovechkin       0  0  0   0  0   0  0  0  1  0  0/1    20:52   5:15   0:31 
Andy Miele               1  1  2   0  4   3  1  0  2  0  11/29  20:18   5:15   0:00 
Brad Boyes               0  0  0   0  0   1  1  0  0  0  0/0    10:56   0:06   0:00 
Brendan Gallagher        0  0  0   1  0   0  0  0  0  0  1/1    18:41   4:34   2:21 
Chris Higgins            0  0  0   0  0   2  0  0  0  0  0/0     8:20   0:00   0:00 
Denis Grebeshkov         0  1  1   1  0   0  0  0  1  3  0/0    11:26   0:00   0:00 
Jack Eichel              1  0  1   0  0   3  1  0  0  0  3/5    12:30   0:06   1:23 
Jaden Schwartz           1  0  1   1  0   3  2  1  0  0  2/5    18:52   4:34   2:32 
John Moore               0  0  0  -1  0   0  1  0  0  0  0/0    21:27   4:13   1:28 
Justin Abdelkader        0  0  0   0  0   1  0  0  0  0  1/1    10:49   0:00   0:00 
Justin Faulk             0  0  0  -1  0   3  0  2  0  1  0/0    21:27   4:13   1:28 
Mark Pysyk               0  0  0   0  0   1  0  0  0  0  0/0     9:29   0:06   0:57 
Mikael Granlund          1  1  2   0  0   4  2  0  0  1  0/0    20:15   5:15   0:00 
Nate Schmidt             0  0  0   1  0   0  0  0  0  0  0/0    11:26   0:00   0:00 
Ryan Kesler              0  0  0   1  0   1  1  0  0  0  8/11   16:38   4:34   0:12 
Ryan Mcdonagh            0  1  1   1  0   2  1  1  0  2  0/0    27:07   5:42   2:30 
Scott Laughton           0  0  0   0  0   1  1  0  0  0  0/2     8:20   0:00   0:00 

3 Stars

1 - Derek Boogaard (L.A)
2 - Mikael Granlund (Nas)
3 - Sean Monahan (L.A)

Power Play

Kings - 0 on 2 Attempt(s) - 0.00%
Predators - 0 on 5 Attempt(s) - 0.00%

Penalty Kill

Kings - 5 on 5 Attempt(s) - 100.00% - Score 0 goal in Penalty Kill
Predators - 2 on 2 Attempt(s) - 100.00% - Score 0 goal in Penalty Kill

Team Stat

Kings - Hits : 20 - Faceoff Wins : 29 - Blocked Shots : 14 - Penalty Minutes : 10
Predators - Hits : 12 - Faceoff Wins : 26 - Blocked Shots : 6 - Penalty Minutes : 4

Official

Referees : Reid Anderson and Chris Lee
Linesman : Steve Miller and Pierre Racicot

Game Notes

No Game Note

Finance

Level 1 -- Attendance: 6000 (100.00%) -- Ticket Income $600,000
Level 2 -- Attendance: 5000 (100.00%) -- Ticket Income $300,000
Level 3 -- Attendance: 2000 (100.00%) -- Ticket Income $70,000
Level 4 -- Attendance: 4000 (100.00%) -- Ticket Income $100,000
Luxury Box -- Attendance: 1000 (100.00%) -- Ticket Income $200,000
Game was played at the Bridgestone arena.
Total Attendance: 18000 (100.00%)
Total Ticket Income: $1,270,000
Other Income: $190,500
Total Income: $1,460,500

Kings

5 vs 5 Forward 
   Center                   Left Wing                Right Wing               Time % Phy DF OF 
 1 Nathan MacKinnon         Kyle Clifford            Teuvo Teravainen         33     1   2  2  
 2 Ryan O'Reilly            Jake Guentzel            David Pastrnak           33     0   2  3  
 3 Sean Monahan             Derek Boogaard           Drew Stafford            33     1   2  2  
 4 Pavel Datsyuk            Max Friberg              Mikko Rantanen           1      1   2  2  

5 vs 5 Defense 
   Defense                  Defense                                           Time % Phy DF OF 
 1 Jared Cowen              Brady Skjei                                       40     1   2  2  
 2 Seth Jones               Aaron Ekblad                                      40     1   2  2  
 3 Cody Franson             Damon Severson                                    10     1   2  2  
 4 Jared Cowen              Damon Severson                                    10     1   2  2  

PowerPlay Forward 
   Center                   Left Wing                Right Wing               Time % Phy DF OF 
 1 Nathan MacKinnon         Jake Guentzel            David Pastrnak           55     1   2  2  
 2 Sean Monahan             Kyle Clifford            Teuvo Teravainen         45     1   2  2  

PowerPlay Defense
   Defense                  Defense                                           Time % Phy DF OF 
 1 Seth Jones               Brady Skjei                                       60     1   2  2  
 2 Ryan O'Reilly            Jared Cowen                                       40     1   2  2  

Penalty Kill 4 Players Forward 
   Center                   Wing                     Time % Phy DF OF 
 1 Ryan O'Reilly            Kyle Clifford            60     3   2  0  
 2 Drew Stafford            Max Friberg              40     3   2  0  

Penalty Kill 4 Players Defense
   Defense                  Defense                  Time % Phy DF OF 
 1 Jared Cowen              Cody Franson             60     2   3  0  
 2 Seth Jones               Brady Skjei              40     2   3  0  

Penalty Kill - 3 Players Forward 
   Forward                                           Time % Phy DF OF 
 1 Kyle Clifford                                     60     3   2  0  
 2 Ryan O'Reilly                                     40     3   2  0  

Penalty Kill - 3 Players Defense
   Defense                  Defense                  Time % Phy DF OF 
 1 Jared Cowen              Cody Franson             60     2   3  0  
 2 Seth Jones               Brady Skjei              40     2   3  0  

4 vs 4 Forward 
   Center                   Wing                     Time % Phy DF OF 
 1 Ryan O'Reilly            Teuvo Teravainen         60     1   2  2  
 2 Sean Monahan             Kyle Clifford            40     1   2  2  

4 vs 4 Defense
   Defense                  Defense                  Time % Phy DF OF 
 1 Jared Cowen              Brady Skjei              60     1   2  2  
 2 Seth Jones               Cody Franson             40     1   2  2  

Last Minutes Offensive
   Center                   Left Wing                Right Wing               Defense                  Defense                  
   Nathan MacKinnon         Kyle Clifford            David Pastrnak           Seth Jones               Brady Skjei              

Last Minutes Defensive
   Center                   Left Wing                Right Wing               Defense                  Defense                  
   Ryan O'Reilly            Kyle Clifford            Drew Stafford            Jared Cowen              Seth Jones               

Goaltenders
Starting : Cam Talbot               
Backup : Andrei Vasilevskiy       

Extra Forwards
Normal : Sean Monahan, Nathan MacKinnon, Ryan O'Reilly - PP : Mikko Rantanen, Drew Stafford - PK : Sean Monahan
Extra Defensemen
Normal : Aaron Ekblad, Damon Severson, Seth Jones - PP : Aaron Ekblad - PK : Damon Severson, Seth Jones
Penalty Shots
Mikko Rantanen, Sean Monahan, David Pastrnak, Teuvo Teravainen, Ryan O'Reilly

Scratches
Andreas Martinsen (Healthy), Clarke MacArthur (Healthy), Darroll Powe (Healthy), Jonathan Sigalet (Healthy), Tim Connolly (Healthy)

Predators

5 vs 5 Forward 
   Center                   Left Wing                Right Wing               Time % Phy DF OF 
 1 Andy Miele               Alexander Ovechkin       Mikael Granlund          40     1   2  2  
 2 Ryan Kesler              Jaden Schwartz           Brendan Gallagher        30     1   2  2  
 3 Jack Eichel              Justin Abdelkader        Brad Boyes               20     1   2  2  
 4 Scott Laughton           Chris Higgins            Mark Pysyk               10     1   2  2  

5 vs 5 Defense 
   Defense                  Defense                                           Time % Phy DF OF 
 1 Ryan Mcdonagh            Alexander Edler                                   40     1   2  2  
 2 John Moore               Justin Faulk                                      30     1   2  2  
 3 Nate Schmidt             Denis Grebeshkov                                  20     1   2  2  
 4 Ryan Mcdonagh            Alexander Edler                                   10     1   2  2  

PowerPlay Forward 
   Center                   Left Wing                Right Wing               Time % Phy DF OF 
 1 Andy Miele               Alexander Ovechkin       Mikael Granlund          60     1   2  2  
 2 Ryan Kesler              Jaden Schwartz           Brendan Gallagher        40     1   2  2  

PowerPlay Defense
   Defense                  Defense                                           Time % Phy DF OF 
 1 Ryan Mcdonagh            Alexander Edler                                   60     1   2  2  
 2 John Moore               Justin Faulk                                      40     1   2  2  

Penalty Kill 4 Players Forward 
   Center                   Wing                     Time % Phy DF OF 
 1 Jaden Schwartz           Brendan Gallagher        60     1   2  2  
 2 Andy Miele               Mark Pysyk               40     1   2  2  

Penalty Kill 4 Players Defense
   Defense                  Defense                  Time % Phy DF OF 
 1 Ryan Mcdonagh            Alexander Edler          60     1   2  2  
 2 John Moore               Justin Faulk             40     1   2  2  

Penalty Kill - 3 Players Forward 
   Forward                                           Time % Phy DF OF 
 1 Andy Miele                                        60     1   2  2  
 2 Jaden Schwartz                                    40     1   2  2  

Penalty Kill - 3 Players Defense
   Defense                  Defense                  Time % Phy DF OF 
 1 Ryan Mcdonagh            Alexander Edler          60     1   2  2  
 2 John Moore               Justin Faulk             40     1   2  2  

4 vs 4 Forward 
   Center                   Wing                     Time % Phy DF OF 
 1 Mikael Granlund          Alexander Ovechkin       60     1   2  2  
 2 Jaden Schwartz           Brendan Gallagher        40     1   2  2  

4 vs 4 Defense
   Defense                  Defense                  Time % Phy DF OF 
 1 Ryan Mcdonagh            Alexander Edler          60     1   2  2  
 2 John Moore               Justin Faulk             40     1   2  2  

Last Minutes Offensive
   Center                   Left Wing                Right Wing               Defense                  Defense                  
   Ryan Kesler              Alexander Ovechkin       Mikael Granlund          Ryan Mcdonagh            Alexander Edler          

Last Minutes Defensive
   Center                   Left Wing                Right Wing               Defense                  Defense                  
   Ryan Kesler              Alexander Ovechkin       Mikael Granlund          Ryan Mcdonagh            Alexander Edler          

Goaltenders
Starting : Kari Lehtonen            
Backup : Jaroslav Halak           

Extra Forwards
Normal : Jack Eichel, Brad Boyes, Scott Laughton - PP : Brad Boyes, Jack Eichel - PK : Jack Eichel
Extra Defensemen
Normal : Denis Grebeshkov, Nate Schmidt, John Moore - PP : Denis Grebeshkov - PK : Nate Schmidt, Denis Grebeshkov
Penalty Shots
Brendan Gallagher, Mikael Granlund, Alexander Ovechkin, Jaden Schwartz, Ryan Mcdonagh

Scratches
Mike Brown (Healthy)

% Time on Ice - Kings

Lines # - Real PCT - Wanted PCT - Time Play
Normal Forward
1 - 28% - 33% - 12:57
2 - 28% - 33% - 12:50
3 - 28% - 33% - 13:05
4 - 16% - 1% - 7:10
Normal Defense
1 - 30% - 40% - 13:53
2 - 38% - 40% - 17:37
3 - 22% - 10% - 10:10
4 - 9% - 10% - 4:22
PP Forward
1 - 48% - 55% - 1:55
2 - 52% - 45% - 2:03
PP Defense
1 - 46% - 60% - 1:50
2 - 54% - 40% - 2:08
PK Forward
1 - 74% - 60% - 7:20
2 - 26% - 40% - 2:35
PK Defense
1 - 61% - 60% - 6:01
2 - 39% - 40% - 3:54
PK3 Forward
1 - 0% - 60%
2 - 0% - 40%
PK3 Defense
1 - 0% - 60%
2 - 0% - 40%
44 Forward
1 - 0% - 60%
2 - 0% - 40%
44 Defense
1 - 0% - 60%
2 - 0% - 40%
Last Minute Offensive  - 0:05
Last Minute Defensive  - 0:00
Total
Forward - 60:00
Defense - 60:00

% Time on Ice - Predators

Lines # - Real PCT - Wanted PCT - Time Play
Normal Forward
1 - 33% - 40% - 15:01
2 - 26% - 30% - 11:51
3 - 24% - 20% - 10:49
4 - 18% - 10% - 8:20
Normal Defense
1 - 37% - 40% - 17:08
2 - 34% - 30% - 15:40
3 - 25% - 20% - 11:26
4 - 4% - 10% - 1:47
PP Forward
1 - 54% - 60% - 5:21
2 - 46% - 40% - 4:34
PP Defense
1 - 57% - 60% - 5:42
2 - 43% - 40% - 4:13
PK Forward
1 - 76% - 60% - 3:01
2 - 24% - 40% - 0:57
PK Defense
1 - 63% - 60% - 2:30
2 - 37% - 40% - 1:28
PK3 Forward
1 - 0% - 60%
2 - 0% - 40%
PK3 Defense
1 - 0% - 60%
2 - 0% - 40%
44 Forward
1 - 0% - 60%
2 - 0% - 40%
44 Defense
1 - 0% - 60%
2 - 0% - 40%
Last Minute Offensive  - 0:00
Last Minute Defensive  - 0:06
Total
Forward - 60:00
Defense - 60:00

Play-by-Play

1st period


0:01 of 1st period - Andy Miele wins face-off versus Nathan MacKinnon in neutral zone.
0:11 of 1st period - Slapshot by Mikael Granlund.
0:11 of 1st period - Goal by Mikael Granlund - Kings : 0 - Predators : 1.
0:12 of 1st period - Ryan Kesler wins face-off versus Ryan O'Reilly in neutral zone.
0:25 of 1st period - Wrist shot by David Pastrnak.
0:25 of 1st period - Shot Blocked by Justin Faulk.
0:27 of 1st period - Slapshot by Aaron Ekblad.
0:27 of 1st period - Shot Blocked by Jaden Schwartz.
1:39 of 1st period - Alexander Edler is hit by Jared Cowen and loses puck.
1:44 of 1st period - Snap shot by David Pastrnak.
1:44 of 1st period - Stopped by Kari Lehtonen without a rebound.
1:45 of 1st period - Sean Monahan wins face-off versus Andy Miele in Predators zone.
3:22 of 1st period - Snap shot by Sean Monahan.
3:22 of 1st period - Deflect By Drew Stafford.
3:22 of 1st period - Shot Misses the Net.
3:22 of 1st period - Puck is out of play.
3:23 of 1st period - Derek Boogaard wins face-off versus Scott Laughton in Predators zone.
3:24 of 1st period - Slapshot by Sean Monahan.
3:24 of 1st period - Shot Misses the Net.
3:38 of 1st period - Snap shot by Chris Higgins.
3:38 of 1st period - Shot Misses the Net.
4:36 of 1st period - Snap shot by Chris Higgins.
4:36 of 1st period - Stopped by Cam Talbot with a rebound.
4:38 of 1st period - Slapshot by Scott Laughton.
4:38 of 1st period - Shot Blocked by Sean Monahan.
4:40 of 1st period - Wrist shot by Mark Pysyk.
4:40 of 1st period - Stopped by Cam Talbot without a rebound.
4:41 of 1st period - Ryan O'Reilly wins face-off versus Andy Miele in Kings zone.
4:53 of 1st period - Ryan Mcdonagh is hit by Ryan O'Reilly and loses puck.
5:08 of 1st period - Kyle Clifford is hit by Jaden Schwartz and loses puck.
6:42 of 1st period - Nate Schmidt is hit by Jared Cowen and loses puck.
7:29 of 1st period - Snap shot by Mikko Rantanen.
7:29 of 1st period - Stopped by Kari Lehtonen with a rebound.
7:41 of 1st period - Wrist shot by Mikko Rantanen.
7:41 of 1st period - Deflect By Justin Abdelkader.
7:41 of 1st period - Stopped by Kari Lehtonen without a rebound.
7:42 of 1st period - Derek Boogaard wins face-off versus Jack Eichel in Predators zone.
8:17 of 1st period - Slapshot by Andy Miele.
8:17 of 1st period - Stopped by Cam Talbot without a rebound.
8:18 of 1st period - Andy Miele wins face-off versus Ryan O'Reilly in Kings zone.
8:29 of 1st period - Wrist shot by Mikael Granlund.
8:29 of 1st period - Stopped by Cam Talbot without a rebound.
8:30 of 1st period - Andy Miele wins face-off versus Nathan MacKinnon in Kings zone.
8:33 of 1st period - Wrist shot by Alexander Ovechkin.
8:33 of 1st period - Shot Misses the Net.
8:35 of 1st period - Slapshot by Denis Grebeshkov.
8:35 of 1st period - Deflect By Alexander Ovechkin.
8:35 of 1st period - Shot Misses the Net.
8:35 of 1st period - Puck is out of play.
8:36 of 1st period - Andy Miele wins face-off versus Nathan MacKinnon in Kings zone.
9:04 of 1st period - Snap shot by Andy Miele.
9:04 of 1st period - Shot Misses the Net.
9:06 of 1st period - Slapshot by Andy Miele.
9:06 of 1st period - Goal by Andy Miele - Kings : 0 - Predators : 2.
9:07 of 1st period - Ryan Kesler wins face-off versus Jake Guentzel in neutral zone.
9:33 of 1st period - Mikael Granlund is hit by Damon Severson and loses puck.
10:01 of 1st period - Snap shot by Drew Stafford.
10:01 of 1st period - Stopped by Kari Lehtonen without a rebound.
10:02 of 1st period - Ryan Kesler wins face-off versus Sean Monahan in Predators zone.
10:19 of 1st period - Sean Monahan is hit by Ryan Mcdonagh and loses puck.
10:56 of 1st period - Wrist shot by Kyle Clifford.
10:56 of 1st period - Goal by Kyle Clifford - Kings : 1 - Predators : 2.
10:57 of 1st period - Ryan Kesler wins face-off versus Ryan O'Reilly in neutral zone.
11:02 of 1st period - Slapshot by Alexander Edler.
11:02 of 1st period - Shot Misses the Net.
11:04 of 1st period - Slapshot by Brendan Gallagher.
11:04 of 1st period - Deflect By Jaden Schwartz.
11:04 of 1st period - Stopped by Cam Talbot with a rebound.
11:06 of 1st period - Wrist shot by Ryan Kesler.
11:06 of 1st period - Shot Blocked by Brady Skjei.
11:08 of 1st period - Snap shot by Ryan Kesler.
11:08 of 1st period - Deflect By Brendan Gallagher.
11:08 of 1st period - Shot Misses the Net.
11:08 of 1st period - Puck is out of play.
11:09 of 1st period - Ryan O'Reilly wins face-off versus Andy Miele in Kings zone.
11:13 of 1st period - Icing by David Pastrnak.
11:14 of 1st period - Ryan O'Reilly wins face-off versus Andy Miele in Kings zone.
11:25 of 1st period - Slapshot by Ryan Mcdonagh.
11:25 of 1st period - Shot Misses the Net.
11:30 of 1st period - Off-side.
11:31 of 1st period - Sean Monahan wins face-off versus Ryan Kesler in neutral zone.
11:58 of 1st period - Wrist shot by David Pastrnak.
11:58 of 1st period - Stopped by Kari Lehtonen with a rebound.
12:08 of 1st period - Slapshot by David Pastrnak.
12:08 of 1st period - Stopped by Kari Lehtonen without a rebound.
12:09 of 1st period - Nathan MacKinnon wins face-off versus Andy Miele in Predators zone.
13:06 of 1st period - Wrist shot by Jake Guentzel.
13:06 of 1st period - Shot Blocked by Justin Faulk.
13:39 of 1st period - Snap shot by Alexander Ovechkin.
13:39 of 1st period - Shot Misses the Net.
13:41 of 1st period - Snap shot by Alexander Ovechkin.
13:41 of 1st period - Shot Misses the Net.
13:57 of 1st period - Snap shot by Drew Stafford.
13:57 of 1st period - Shot Blocked by Alexander Edler.
13:59 of 1st period - Snap shot by Drew Stafford.
13:59 of 1st period - Deflect By Sean Monahan.
13:59 of 1st period - Shot Misses the Net.
13:59 of 1st period - Puck is out of play.
14:00 of 1st period - Jack Eichel wins face-off versus Derek Boogaard in Predators zone.
14:19 of 1st period - Icing by Brady Skjei.
14:20 of 1st period - Andy Miele wins face-off versus Sean Monahan in Kings zone.
14:43 of 1st period - Snap shot by Derek Boogaard.
14:43 of 1st period - Stopped by Kari Lehtonen with a rebound.
14:45 of 1st period - Wrist shot by Sean Monahan.
14:45 of 1st period - Shot Misses the Net.
14:47 of 1st period - Snap shot by Drew Stafford.
14:47 of 1st period - Shot Misses the Net.
14:49 of 1st period - Snap shot by Derek Boogaard.
14:49 of 1st period - Goal by Derek Boogaard - Kings : 2 - Predators : 2.
14:50 of 1st period - Ryan Kesler wins face-off versus Ryan O'Reilly in neutral zone.
15:17 of 1st period - Mikael Granlund is hit by Teuvo Teravainen and loses puck.
16:00 of 1st period - Wrist shot by Seth Jones.
16:00 of 1st period - Stopped by Kari Lehtonen without a rebound.
16:01 of 1st period - Pavel Datsyuk wins face-off versus Andy Miele in Predators zone.
16:18 of 1st period - Alexander Edler is hit by Jared Cowen and loses puck.
17:03 of 1st period - Jaden Schwartz is hit by Derek Boogaard and loses puck.
17:48 of 1st period - Snap shot by Alexander Ovechkin.
17:48 of 1st period - Shot Blocked by Cody Franson.
18:26 of 1st period - Snap shot by Drew Stafford.
18:26 of 1st period - Stopped by Kari Lehtonen without a rebound.
18:27 of 1st period - Nathan MacKinnon wins face-off versus Scott Laughton in Predators zone.
18:44 of 1st period - Wrist shot by Nathan MacKinnon.
18:44 of 1st period - Stopped by Kari Lehtonen with a rebound.
18:53 of 1st period - Brady Skjei is hit by Scott Laughton and loses puck.
19:02 of 1st period - Slapshot by Justin Faulk.
19:02 of 1st period - Stopped by Cam Talbot without a rebound.
19:03 of 1st period - Ryan O'Reilly wins face-off versus Andy Miele in Kings zone.
19:51 of 1st period - Nate Schmidt is hit by Teuvo Teravainen and loses puck.
Goals for this period are 2 for Kings vs 2 for Predators.
Shots for this period are 12 for Kings vs 8 for Predators.

2nd period


0:01 of 2nd period - Ryan O'Reilly wins face-off versus Alexander Ovechkin in neutral zone.
0:14 of 2nd period - Jake Guentzel is hit by Andy Miele and loses puck.
0:24 of 2nd period - Icing by Aaron Ekblad.
0:25 of 2nd period - Ryan Kesler wins face-off versus Nathan MacKinnon in Kings zone.
0:28 of 2nd period - Snap shot by Ryan Kesler.
0:28 of 2nd period - Shot Blocked by Seth Jones.
0:50 of 2nd period - Teuvo Teravainen is hit by Mikael Granlund and loses puck.
1:19 of 2nd period - Icing by David Pastrnak.
1:20 of 2nd period - Ryan Kesler wins face-off versus Ryan O'Reilly in Kings zone.
1:55 of 2nd period - Slapshot by Sean Monahan.
1:55 of 2nd period - Goal by Sean Monahan - Kings : 3 - Predators : 2.
1:56 of 2nd period - Andy Miele wins face-off versus Ryan O'Reilly in neutral zone.
1:58 of 2nd period - Minor Penalty to Andy Miele for Hooking.
1:59 of 2nd period - Nathan MacKinnon wins face-off versus Jaden Schwartz in Predators zone.
3:58 of 2nd period - Penalty to Andy Miele is over, Andy Miele is back on ice.
5:11 of 2nd period - Wrist shot by Chris Higgins.
5:11 of 2nd period - Stopped by Cam Talbot with a rebound.
6:13 of 2nd period - Slapshot by Ryan Kesler.
6:13 of 2nd period - Stopped by Cam Talbot without a rebound.
6:14 of 2nd period - Brendan Gallagher wins face-off versus Sean Monahan in Kings zone.
6:19 of 2nd period - Wrist shot by Jaden Schwartz.
6:19 of 2nd period - Shot Misses the Net.
6:29 of 2nd period - Ryan Kesler is hit by Damon Severson and loses puck.
7:00 of 2nd period - Slapshot by Alexander Edler.
7:00 of 2nd period - Shot Misses the Net.
7:02 of 2nd period - Wrist shot by Ryan Mcdonagh.
7:02 of 2nd period - Shot Blocked by Kyle Clifford.
7:04 of 2nd period - Snap shot by Jack Eichel.
7:04 of 2nd period - Goal by Jack Eichel - Kings : 3 - Predators : 3.
7:05 of 2nd period - Nathan MacKinnon wins face-off versus Andy Miele in neutral zone.
7:42 of 2nd period - Slapshot by Seth Jones.
7:42 of 2nd period - Shot Misses the Net.
8:12 of 2nd period - Mark Pysyk is hit by Pavel Datsyuk.
8:18 of 2nd period - Snap shot by Pavel Datsyuk.
8:18 of 2nd period - Stopped by Kari Lehtonen with a rebound.
8:20 of 2nd period - Wrist shot by Pavel Datsyuk.
8:20 of 2nd period - Stopped by Kari Lehtonen with a rebound.
8:22 of 2nd period - Snap shot by Pavel Datsyuk.
8:22 of 2nd period - Shot Misses the Net.
9:00 of 2nd period - Justin Faulk is hit by Sean Monahan and loses puck.
9:07 of 2nd period - Slapshot by Justin Faulk.
9:07 of 2nd period - Stopped by Cam Talbot with a rebound.
9:17 of 2nd period - Damon Severson is hit by Jack Eichel and loses puck.
9:26 of 2nd period - Slapshot by Brady Skjei.
9:26 of 2nd period - Shot Misses the Net.
9:28 of 2nd period - Slapshot by Brady Skjei.
9:28 of 2nd period - Stopped by Kari Lehtonen with a rebound.
9:47 of 2nd period - Snap shot by Scott Laughton.
9:47 of 2nd period - Shot Misses the Net.
9:49 of 2nd period - Snap shot by Chris Higgins.
9:49 of 2nd period - Shot Misses the Net.
9:51 of 2nd period - Slapshot by Mark Pysyk.
9:51 of 2nd period - Shot Misses the Net.
10:01 of 2nd period - Snap shot by Jaden Schwartz.
10:01 of 2nd period - Shot Blocked by Brady Skjei.
10:03 of 2nd period - Slapshot by Jaden Schwartz.
10:03 of 2nd period - Goal by Jaden Schwartz - Kings : 3 - Predators : 4.
10:04 of 2nd period - Ryan O'Reilly wins face-off versus Andy Miele in neutral zone.
10:06 of 2nd period - Minor Penalty to David Pastrnak for Hooking.
10:07 of 2nd period - Ryan O'Reilly wins face-off versus Andy Miele in Kings zone.
12:03 of 2nd period - Alexander Ovechkin is hit by Ryan O'Reilly and loses puck.
12:06 of 2nd period - Penalty to David Pastrnak is over, David Pastrnak is back on ice.
12:58 of 2nd period - Sean Monahan is hit by John Moore and loses puck.
13:15 of 2nd period - Jack Eichel is hit by Drew Stafford and loses puck.
13:32 of 2nd period - Snap shot by Derek Boogaard.
13:32 of 2nd period - Stopped by Kari Lehtonen without a rebound.
13:33 of 2nd period - Nathan MacKinnon wins face-off versus Ryan Kesler in Predators zone.
13:34 of 2nd period - Slapshot by Kyle Clifford.
13:34 of 2nd period - Stopped by Kari Lehtonen without a rebound.
13:35 of 2nd period - Ryan Kesler wins face-off versus Nathan MacKinnon in Predators zone.
14:00 of 2nd period - Andy Miele is hit by Cody Franson and loses puck.
14:07 of 2nd period - Slapshot by Ryan O'Reilly.
14:07 of 2nd period - Stopped by Kari Lehtonen with a rebound.
14:09 of 2nd period - Slapshot by Jake Guentzel.
14:09 of 2nd period - Shot Misses the Net.
14:11 of 2nd period - Snap shot by David Pastrnak.
14:11 of 2nd period - Stopped by Kari Lehtonen with a rebound.
14:13 of 2nd period - Snap shot by David Pastrnak.
14:13 of 2nd period - Shot Misses the Net.
14:27 of 2nd period - Alexander Ovechkin is hit by Derek Boogaard and loses puck.
15:26 of 2nd period - Snap shot by Jake Guentzel.
15:26 of 2nd period - Shot Misses the Net.
16:06 of 2nd period - Wrist shot by Max Friberg.
16:06 of 2nd period - Stopped by Kari Lehtonen with a rebound.
16:10 of 2nd period - Wrist shot by Mikko Rantanen.
16:10 of 2nd period - Stopped by Kari Lehtonen without a rebound.
16:11 of 2nd period - Jack Eichel wins face-off versus Pavel Datsyuk in Predators zone.
16:24 of 2nd period - Snap shot by Jack Eichel.
16:24 of 2nd period - Stopped by Cam Talbot without a rebound.
16:25 of 2nd period - Ryan O'Reilly wins face-off versus Ryan Kesler in Kings zone.
16:30 of 2nd period - Ryan O'Reilly is hit by Ryan Kesler and loses puck.
16:44 of 2nd period - Minor Penalty to Ryan O'Reilly for Tripping.
16:45 of 2nd period - Andy Miele wins face-off versus Sean Monahan in Kings zone.
16:47 of 2nd period - Snap shot by Alexander Ovechkin.
16:47 of 2nd period - Shot Misses the Net.
16:49 of 2nd period - Slapshot by John Moore.
16:49 of 2nd period - Deflect By Andy Miele.
16:49 of 2nd period - Stopped by Cam Talbot with a rebound.
18:44 of 2nd period - Penalty to Ryan O'Reilly is over, Ryan O'Reilly is back on ice.
18:59 of 2nd period - Off-side.
19:00 of 2nd period - Justin Abdelkader wins face-off versus Pavel Datsyuk in neutral zone.
19:05 of 2nd period - Snap shot by Justin Abdelkader.
19:05 of 2nd period - Shot Blocked by Seth Jones.
19:07 of 2nd period - Snap shot by Brad Boyes.
19:07 of 2nd period - Shot Misses the Net.
19:09 of 2nd period - Snap shot by Justin Abdelkader.
19:09 of 2nd period - Stopped by Cam Talbot with a rebound.
19:11 of 2nd period - Snap shot by Jack Eichel.
19:11 of 2nd period - Shot Misses the Net.
19:13 of 2nd period - Wrist shot by Justin Abdelkader.
19:13 of 2nd period - Shot Blocked by Aaron Ekblad.
19:15 of 2nd period - Snap shot by Jack Eichel.
19:15 of 2nd period - Shot Misses the Net.
19:17 of 2nd period - Wrist shot by Brad Boyes.
19:17 of 2nd period - Stopped by Cam Talbot with a rebound.
19:27 of 2nd period - Justin Faulk is hit by Drew Stafford and loses puck.
Goals for this period are 1 for Kings vs 2 for Predators.
Shots for this period are 10 for Kings vs 9 for Predators.

3rd period


0:01 of 3rd period - Nathan MacKinnon wins face-off versus Andy Miele in neutral zone.
1:32 of 3rd period - Slapshot by Nathan MacKinnon.
1:32 of 3rd period - Stopped by Kari Lehtonen with a rebound.
1:58 of 3rd period - Snap shot by Ryan O'Reilly.
1:58 of 3rd period - Stopped by Kari Lehtonen with a rebound.
2:00 of 3rd period - Snap shot by David Pastrnak.
2:00 of 3rd period - Stopped by Kari Lehtonen without a rebound.
2:01 of 3rd period - Derek Boogaard wins face-off versus Andy Miele in Predators zone.
2:57 of 3rd period - Wrist shot by Ryan O'Reilly.
2:57 of 3rd period - Stopped by Kari Lehtonen with a rebound.
2:59 of 3rd period - Snap shot by David Pastrnak.
2:59 of 3rd period - Stopped by Kari Lehtonen without a rebound.
3:00 of 3rd period - Andy Miele wins face-off versus Ryan O'Reilly in Predators zone.
3:38 of 3rd period - Slapshot by Seth Jones.
3:38 of 3rd period - Stopped by Kari Lehtonen without a rebound.
3:39 of 3rd period - Jack Eichel wins face-off versus Sean Monahan in Predators zone.
3:46 of 3rd period - Snap shot by Jack Eichel.
3:46 of 3rd period - Stopped by Cam Talbot with a rebound.
3:48 of 3rd period - Slapshot by Brad Boyes.
3:48 of 3rd period - Shot Blocked by Drew Stafford.
3:50 of 3rd period - Slapshot by Ryan Mcdonagh.
3:50 of 3rd period - Deflect By Seth Jones.
3:50 of 3rd period - Stopped by Cam Talbot with a rebound.
3:52 of 3rd period - Snap shot by Brad Boyes.
3:52 of 3rd period - Shot Blocked by Sean Monahan.
3:54 of 3rd period - Slapshot by Alexander Edler.
3:54 of 3rd period - Stopped by Cam Talbot without a rebound.
3:55 of 3rd period - Andy Miele wins face-off versus Ryan O'Reilly in Kings zone.
5:05 of 3rd period - Wrist shot by Scott Laughton.
5:05 of 3rd period - Stopped by Cam Talbot with a rebound.
5:12 of 3rd period - Minor Penalty to Cody Franson for Slashing.
5:13 of 3rd period - Andy Miele wins face-off versus Ryan O'Reilly in Kings zone.
5:15 of 3rd period - Wrist shot by Mikael Granlund.
5:15 of 3rd period - Stopped by Cam Talbot without a rebound.
5:16 of 3rd period - Ryan O'Reilly wins face-off versus Andy Miele in Kings zone.
5:27 of 3rd period - Snap shot by Andy Miele.
5:27 of 3rd period - Shot Misses the Net.
6:06 of 3rd period - Icing by Alexander Edler.
6:07 of 3rd period - Andy Miele wins face-off versus Kyle Clifford in Predators zone.
7:12 of 3rd period - Penalty to Cody Franson is over, Cody Franson is back on ice.
8:36 of 3rd period - Snap shot by Alexander Edler.
8:36 of 3rd period - Shot Blocked by Seth Jones.
8:38 of 3rd period - Slapshot by Alexander Edler.
8:38 of 3rd period - Shot Misses the Net.
8:50 of 3rd period - Snap shot by Kyle Clifford.
8:50 of 3rd period - Stopped by Kari Lehtonen without a rebound.
8:51 of 3rd period - Nathan MacKinnon wins face-off versus Andy Miele in Predators zone.
9:10 of 3rd period - Minor Penalty to Andy Miele for Hooking.
9:11 of 3rd period - Jaden Schwartz wins face-off versus Nathan MacKinnon in Predators zone.
9:29 of 3rd period - Off-side.
9:30 of 3rd period - Sean Monahan wins face-off versus Jaden Schwartz in neutral zone.
9:39 of 3rd period - Wrist shot by Sean Monahan.
9:39 of 3rd period - Stopped by Kari Lehtonen without a rebound.
9:40 of 3rd period - Jaden Schwartz wins face-off versus Sean Monahan in Predators zone.
9:57 of 3rd period - Slapshot by Ryan O'Reilly.
9:57 of 3rd period - Shot Blocked by Ryan Mcdonagh.
10:20 of 3rd period - Snap shot by Kyle Clifford.
10:20 of 3rd period - Stopped by Kari Lehtonen without a rebound.
10:21 of 3rd period - Nathan MacKinnon wins face-off versus Jaden Schwartz in Predators zone.
10:22 of 3rd period - Backhand shot by Seth Jones.
10:22 of 3rd period - Shot Hit the Post.
11:10 of 3rd period - Penalty to Andy Miele is over, Andy Miele is back on ice.
11:22 of 3rd period - Backhand shot by Mikael Granlund.
11:22 of 3rd period - Stopped by Cam Talbot with a rebound.
11:24 of 3rd period - Slapshot by Alexander Ovechkin.
11:24 of 3rd period - Shot Misses the Net.
11:26 of 3rd period - Slapshot by Justin Faulk.
11:26 of 3rd period - Shot Blocked by Jared Cowen.
11:28 of 3rd period - Slapshot by John Moore.
11:28 of 3rd period - Shot Blocked by Mikko Rantanen.
11:36 of 3rd period - Minor Penalty to Pavel Datsyuk for Holding Stick.
11:37 of 3rd period - Ryan O'Reilly wins face-off versus Andy Miele in Kings zone.
11:48 of 3rd period - Snap shot by Mikael Granlund.
11:48 of 3rd period - Shot Hit the Post.
11:50 of 3rd period - Slapshot by Andy Miele.
11:50 of 3rd period - Shot Misses the Net.
12:18 of 3rd period - Wrist shot by Ryan Mcdonagh.
12:18 of 3rd period - Deflect By Brady Skjei.
12:18 of 3rd period - Stopped by Cam Talbot with a rebound.
12:38 of 3rd period - Kyle Clifford is hit by Jaden Schwartz and loses puck.
13:15 of 3rd period - Ryan O'Reilly is hit by Alexander Edler and loses puck.
13:26 of 3rd period - Alexander Edler is hit by Drew Stafford and loses puck.
13:36 of 3rd period - Penalty to Pavel Datsyuk is over, Pavel Datsyuk is back on ice.
13:49 of 3rd period - Wrist shot by Justin Abdelkader.
13:49 of 3rd period - Shot Misses the Net.
13:51 of 3rd period - Wrist shot by Brad Boyes.
13:51 of 3rd period - Shot Misses the Net.
13:53 of 3rd period - Slapshot by Alexander Edler.
13:53 of 3rd period - Stopped by Cam Talbot with a rebound.
14:14 of 3rd period - Denis Grebeshkov is hit by Max Friberg and loses puck.
14:50 of 3rd period - John Moore is hit by Seth Jones and loses puck.
15:09 of 3rd period - Icing by Brad Boyes.
15:10 of 3rd period - Nathan MacKinnon wins face-off versus Jack Eichel in Predators zone.
15:19 of 3rd period - Drew Stafford is hit by Brad Boyes and loses puck.
15:40 of 3rd period - Slapshot by Justin Abdelkader.
15:40 of 3rd period - Shot Misses the Net.
16:00 of 3rd period - Snap shot by Jack Eichel.
16:00 of 3rd period - Shot Blocked by Seth Jones.
16:02 of 3rd period - Slapshot by Justin Faulk.
16:02 of 3rd period - Stopped by Cam Talbot without a rebound.
16:03 of 3rd period - Nathan MacKinnon wins face-off versus Andy Miele in Kings zone.
16:03 of 3rd period - Nathan MacKinnon is hit by Mikael Granlund.
16:11 of 3rd period - Wrist shot by Kyle Clifford.
16:11 of 3rd period - Stopped by Kari Lehtonen with a rebound.
16:13 of 3rd period - Slapshot by Brady Skjei.
16:13 of 3rd period - Shot Blocked by Alexander Edler.
16:15 of 3rd period - Slapshot by Kyle Clifford.
16:15 of 3rd period - Stopped by Kari Lehtonen with a rebound.
16:17 of 3rd period - Wrist shot by Teuvo Teravainen.
16:17 of 3rd period - Stopped by Kari Lehtonen with a rebound.
16:19 of 3rd period - Wrist shot by Nathan MacKinnon.
16:19 of 3rd period - Deflect By Teuvo Teravainen.
16:19 of 3rd period - Stopped by Kari Lehtonen with a rebound.
16:29 of 3rd period - Ryan Kesler is hit by David Pastrnak and loses puck.
16:40 of 3rd period - Wrist shot by Jaden Schwartz.
16:40 of 3rd period - Stopped by Cam Talbot with a rebound.
17:22 of 3rd period - Icing by Cody Franson.
17:23 of 3rd period - Ryan O'Reilly wins face-off versus Andy Miele in Kings zone.
17:52 of 3rd period - Minor Penalty to Sean Monahan for Interference.
17:53 of 3rd period - Ryan O'Reilly wins face-off versus Andy Miele in Kings zone.
19:33 of 3rd period - Wrist shot by Derek Boogaard.
19:33 of 3rd period - Shot Misses the Net.
19:52 of 3rd period - Penalty to Sean Monahan is over, Sean Monahan is back on ice.
Goals for this period are 0 for Kings vs 0 for Predators.
Shots for this period are 13 for Kings vs 10 for Predators.